Quebec Rempart vs Rimouski Oceanic

Created - 11 janvier 2018 at 19:25

Goals
1 2 3 T
Quebec Rempart 0 2 3 5
Rimouski Oceanic 1 2 5 8
Shots
1 2 3 T
Quebec Rempart 13 8 16 37
Rimouski Oceanic 14 12 15 41

1st period

1. Rimouski Oceanic , Jordan Nolan 28 (Nick Paul 29, Zach Redmond 23) at 15:16 (PP)

Penalties :
Patrice Cormier (OCE) for Hooking (Minor) at 0:13, Riley Barber (OCE) for Fighting (Major) at 11:02, Lauri Korpikoski (REM) for Fighting (Major) at 11:02, Joseph LaBate (REM) for Holding (Minor) at 15:06

2nd period

2. Quebec Rempart , Michael Joly 6 (Yohann Auvitu 23, Denis Malgin 24) at 4:39
3. Rimouski Oceanic , Riley Barber 14 (Jordan Nolan 26, Mikkel Aagaard 18) at 6:11
4. Quebec Rempart , Jujhar Khaira 19 (Colton Hargrove 6, Kevin Czuczman 27) at 15:19
5. Rimouski Oceanic , Steven Fogarty 15 (Taylor Fedun 27, Zach Sanford 20) at 16:32

Penalties :
Kevin Czuczman (REM) for Hooking (Minor) at 6:37, Bobby Farnham (OCE) for Hooking (Minor) at 17:20

3rd period

6. Quebec Rempart , Kevin Czuczman 6 (Milan Michalek 9, Lauri Korpikoski 40) at 1:30 (PP)
7. Rimouski Oceanic , Shane Harper 2 (Patrice Cormier 1) at 2:13
8. Rimouski Oceanic , Riley Barber 15 (Jordan Nolan 27, Andreas Englund 4) at 4:51
9. Rimouski Oceanic , Nick Paul 24 (Riley Barber 30, Jordan Nolan 28) at 7:37 (PP)
10. Quebec Rempart , Ryan Kujawinski 8 (Jujhar Khaira 31) at 8:13
11. Quebec Rempart , Kevin Czuczman 7 (Jujhar Khaira 32, Ryan Kujawinski 7) at 12:17
12. Rimouski Oceanic , Riley Barber 16 (Jordan Nolan 29) at 19:24 (Empty Net)
13. Rimouski Oceanic , Riley Barber 17 (Taylor Fedun 28) at 19:58

Penalties :
Mikkel Aagaard (OCE) for Tripping (Minor) at 1:18, Nick Ebert (REM) for Roughing (Minor) at 7:21, Scooter Vaughan (OCE) for Fighting (Major) at 8:29, Milan Michalek (REM) for Fighting (Major) at 8:29, Jordan Nolan (OCE) for Slashing (Minor) at 12:24

Goalie Stats

Michael Leighton (REM), 33 saves from 40 shots - (0,825), L, 20-14-3, 59:36 minutes
Justin Peters (OCE), 32 saves from 37 shots - (0,865), W, 8-11-0, 60:00 minutes

Players Stats for Quebec Rempart

Player Name              G  A  P  +/- PIM S  H  SB GA TA FO     MP     PP MP  PK MP  
------------------------------------------------------------------------------------
Andrew Bodnarchuk        0  0  0  -1  0   0  0  2  0  2  0/0    12:00   0:00   0:01 
Brendan Lemieux          0  0  0  -1  0   0  1  1  0  0  0/0     6:09   0:00   0:00 
Colton Hargrove          0  1  1   2  0   2  3  0  1  0  0/1    18:02   2:02   0:00 
Dan DeSalvo              0  0  0  -2  0   2  0  0  2  2  2/4     8:47   0:00   0:29 
Darren Dietz             0  0  0  -1  0   1  2  1  0  0  0/0    19:05   3:19   0:24 
Denis Malgin             0  1  1  -1  0   4  2  0  2  0  2/7    13:34   1:14   0:00 
Joseph LaBate            0  0  0  -1  2   0  2  0  0  0  3/6     8:13   0:45   0:00 
Jujhar Khaira            1  2  3   2  0   4  4  0  1  1  3/11   18:26   1:58   0:42 
Kevin Czuczman           2  1  3   0  2   3  1  0  0  0  0/0    27:53   2:50   0:26 
Lauri Korpikoski         0  1  1  -3  5   4  2  1  2  0  13/31  22:33   4:04   1:38 
Mark Jankowski           0  0  0  -2  0   2  3  2  2  2  0/3    21:47   4:04   1:43 
Michael Joly             1  0  1   0  0   3  1  0  0  0  0/0    12:21   0:03   0:00 
Milan Michalek           0  1  1  -2  5   3  3  0  1  2  0/0    17:26   2:15   0:18 
Nick Ebert               0  0  0  -1  2   1  1  1  0  1  0/0    20:34   3:19   0:37 
Nick Moutrey             0  0  0   0  0   5  2  0  0  0  0/0    11:41   0:00   0:00 
Nick Seeler              0  0  0  -1  0   0  0  1  0  1  0/0    12:22   0:00   1:22 
Ryan Kujawinski          1  1  2   2  0   3  1  1  0  0  0/0    18:00   2:02   0:00 
Yohann Auvitu            0  1  1   0  0   0  1  3  1  1  0/0    28:37   2:50   2:00 

Players Stats for Rimouski Oceanic

Player Name              G  A  P  +/- PIM S  H  SB GA TA FO     MP     PP MP  PK MP  
------------------------------------------------------------------------------------
Andreas Englund          0  1  1   1  0   1  0  0  0  0  0/0    10:29   0:00   0:54 
Bobby Farnham            0  0  0  -1  2   0  2  1  1  0  2/2    17:52   0:54   0:00 
Dylan Blujus             0  0  0   1  0   2  1  1  1  0  0/0    11:15   0:00   0:00 
Joe Whitney              0  0  0   1  0   0  0  0  0  0  0/0     8:17   0:00   1:53 
Jordan Nolan             1  4  5   1  2   6  0  2  1  0  2/3    21:23   1:31   1:32 
Loic Leduc               0  0  0  -1  0   1  0  0  0  0  0/0     5:40   0:00   0:00 
Mark Alt                 0  0  0  -2  0   0  0  3  0  3  0/0    18:39   0:37   2:51 
Mattias Backman          0  0  0  -1  0   0  0  0  0  0  0/0     5:40   0:00   0:00 
Mikkel Aagaard           0  1  1   1  2   4  0  0  0  1  1/1    11:47   0:00   0:00 
Nick Paul                1  1  2   2  0   7  2  0  3  2  2/5    25:58   1:31   3:59 
Patrice Cormier          0  1  1  -1  2   0  1  0  1  0  8/10   18:16   0:54   0:53 
Riley Barber             4  1  5   2  5   6  2  0  1  1  19/31  23:20   1:21   3:45 
Scooter Vaughan          0  0  0  -2  5   1  0  0  0  1  0/0    17:08   0:37   2:39 
Shane Harper             1  0  1  -1  0   5  1  0  2  0  0/0    17:12   0:54   0:00 
Steven Fogarty           1  0  1   1  0   1  0  0  0  0  3/7    14:14   0:00   0:16 
Taylor Fedun             0  2  2   4  0   2  2  3  1  3  0/0    26:06   1:48   3:18 
Zach Redmond             0  1  1   4  0   0  1  1  1  0  0/0    26:06   1:48   3:18 
Zach Sanford             0  1  1   1  0   5  1  1  0  1  3/4    15:05   0:10   0:00 

3 Stars

1 - Riley Barber (OCE)
2 - Jordan Nolan (OCE)
3 - Jujhar Khaira (REM)

Power Play

Quebec Rempart - 1 on 4 Attempt(s) - 25,00%
Rimouski Oceanic - 2 on 3 Attempt(s) - 66,67%

Penalty Kill

Quebec Rempart - 1 on 3 Attempt(s) - 33,33% - Score 0 goal in Penalty Kill
Rimouski Oceanic - 3 on 4 Attempt(s) - 75,00% - Score 0 goal in Penalty Kill

Team Stat

Quebec Rempart - Hits : 29 - Faceoff Wins : 23 - Blocked Shots : 13 - Penalty Minutes : 16
Rimouski Oceanic - Hits : 13 - Faceoff Wins : 40 - Blocked Shots : 12 - Penalty Minutes : 18

Official

Referees : Jacob Brenk and Jon Mclsaac
Linesman : Jonny Murray and Scott Driscoll

Game Notes

Riley Barber beats up Lauri Korpikoski at 11:02 of 1st period
12:54 of 1st period - Quebec Rempart goal is going for a video replay. After video review, No Goal. The goalkeeper has been pushed into the net together with the puck after making a save.
Milan Michalek beats up Scooter Vaughan at 8:29 of 3rd period
Riley Barber has scored a Hat Trick!
Riley Barber has scored in a empty net!

Finance

Level 1 -- Attendance: 1418 (70,90%) -- Ticket Income 49 630 $
Level 2 -- Attendance: 728 (72,80%) -- Ticket Income 10 920 $
Total Attendance: 2146 (71,53%)
Total Ticket Income: 60 550 $
Other Income: 29 670 $
Total Income: 90 220 $

Quebec Rempart

5 vs 5 Forward 
   Center                   Left Wing                Right Wing               Time % Phy DF OF 
 1 Lauri Korpikoski         Mark Jankowski           Milan Michalek           40     1   2  2  
 2 Jujhar Khaira            Colton Hargrove          Ryan Kujawinski          30     1   2  2  
 3 Denis Malgin             Nick Moutrey             Michael Joly             20     1   2  2  
 4 Dan DeSalvo              Brendan Lemieux          Lauri Korpikoski         10     1   2  2  

5 vs 5 Defense 
   Defense                  Defense                                           Time % Phy DF OF 
 1 Kevin Czuczman           Yohann Auvitu                                     40     1   2  2  
 2 Nick Ebert               Darren Dietz                                      30     1   2  2  
 3 Andrew Bodnarchuk        Nick Seeler                                       20     1   2  2  
 4 Kevin Czuczman           Yohann Auvitu                                     10     1   2  2  

PowerPlay Forward 
   Center                   Left Wing                Right Wing               Time % Phy DF OF 
 1 Lauri Korpikoski         Mark Jankowski           Milan Michalek           60     1   2  2  
 2 Jujhar Khaira            Colton Hargrove          Ryan Kujawinski          40     1   2  2  

PowerPlay Defense
   Defense                  Defense                                           Time % Phy DF OF 
 1 Kevin Czuczman           Yohann Auvitu                                     60     1   2  2  
 2 Nick Ebert               Darren Dietz                                      40     1   2  2  

Penalty Kill 4 Players Forward 
   Center                   Wing                     Time % Phy DF OF 
 1 Lauri Korpikoski         Mark Jankowski           60     1   2  2  
 2 Jujhar Khaira            Milan Michalek           40     1   2  2  

Penalty Kill 4 Players Defense
   Defense                  Defense                  Time % Phy DF OF 
 1 Kevin Czuczman           Yohann Auvitu            60     1   2  2  
 2 Nick Ebert               Darren Dietz             40     1   2  2  

Penalty Kill - 3 Players Forward 
   Forward                                           Time % Phy DF OF 
 1 Lauri Korpikoski                                  60     1   2  2  
 2 Mark Jankowski                                    40     1   2  2  

Penalty Kill - 3 Players Defense
   Defense                  Defense                  Time % Phy DF OF 
 1 Kevin Czuczman           Yohann Auvitu            60     1   2  2  
 2 Nick Ebert               Darren Dietz             40     1   2  2  

4 vs 4 Forward 
   Center                   Wing                     Time % Phy DF OF 
 1 Lauri Korpikoski         Mark Jankowski           60     1   2  2  
 2 Jujhar Khaira            Milan Michalek           40     1   2  2  

4 vs 4 Defense
   Defense                  Defense                  Time % Phy DF OF 
 1 Kevin Czuczman           Yohann Auvitu            60     1   2  2  
 2 Nick Ebert               Darren Dietz             40     1   2  2  

Last Minutes Offensive
   Center                   Left Wing                Right Wing               Defense                  Defense                  
   Lauri Korpikoski         Mark Jankowski           Milan Michalek           Kevin Czuczman           Yohann Auvitu            

Last Minutes Defensive
   Center                   Left Wing                Right Wing               Defense                  Defense                  
   Lauri Korpikoski         Mark Jankowski           Milan Michalek           Kevin Czuczman           Yohann Auvitu            

Goaltenders
Starting : Michael Leighton         
Backup : Spencer Martin           

Extra Forwards
Normal : Joseph LaBate, Denis Malgin, Dan DeSalvo - PP : Joseph LaBate, Denis Malgin - PK : Dan DeSalvo
Extra Defensemen
Normal : Andrew Bodnarchuk, Nick Seeler, Nick Ebert - PP : Andrew Bodnarchuk - PK : Nick Seeler, Nick Ebert
Penalty Shots
Lauri Korpikoski, Mark Jankowski, Jujhar Khaira, Milan Michalek, Denis Malgin

Scratches
Dmytro Timashov (Healthy), Tanner Fritz (Strained Groin Injury)

Rimouski Oceanic

5 vs 5 Forward 
   Center                   Left Wing                Right Wing               Time % Phy DF OF 
 1 Riley Barber             Nick Paul                Jordan Nolan             40     1   2  2  
 2 Patrice Cormier          Bobby Farnham            Shane Harper             30     1   2  2  
 3 Steven Fogarty           Zach Sanford             Mikkel Aagaard           20     1   2  2  
 4 Riley Barber             Joe Whitney              Nick Paul                10     1   2  2  

5 vs 5 Defense 
   Defense                  Defense                                           Time % Phy DF OF 
 1 Zach Redmond             Taylor Fedun                                      40     1   2  2  
 2 Scooter Vaughan          Mark Alt                                          30     1   2  2  
 3 Dylan Blujus             Andreas Englund                                   20     1   2  2  
 4 Mattias Backman          Loic Leduc                                        10     1   2  2  

PowerPlay Forward 
   Center                   Left Wing                Right Wing               Time % Phy DF OF 
 1 Riley Barber             Nick Paul                Jordan Nolan             60     1   2  2  
 2 Patrice Cormier          Bobby Farnham            Shane Harper             40     1   2  2  

PowerPlay Defense
   Defense                  Defense                                           Time % Phy DF OF 
 1 Zach Redmond             Taylor Fedun                                      60     1   2  2  
 2 Scooter Vaughan          Mark Alt                                          40     1   2  2  

Penalty Kill 4 Players Forward 
   Center                   Wing                     Time % Phy DF OF 
 1 Riley Barber             Nick Paul                60     1   2  2  
 2 Jordan Nolan             Patrice Cormier          40     1   2  2  

Penalty Kill 4 Players Defense
   Defense                  Defense                  Time % Phy DF OF 
 1 Zach Redmond             Taylor Fedun             60     1   2  2  
 2 Scooter Vaughan          Mark Alt                 40     1   2  2  

Penalty Kill - 3 Players Forward 
   Forward                                           Time % Phy DF OF 
 1 Riley Barber                                      60     1   2  2  
 2 Nick Paul                                         40     1   2  2  

Penalty Kill - 3 Players Defense
   Defense                  Defense                  Time % Phy DF OF 
 1 Zach Redmond             Taylor Fedun             60     1   2  2  
 2 Scooter Vaughan          Mark Alt                 40     1   2  2  

4 vs 4 Forward 
   Center                   Wing                     Time % Phy DF OF 
 1 Riley Barber             Nick Paul                60     1   2  2  
 2 Jordan Nolan             Patrice Cormier          40     1   2  2  

4 vs 4 Defense
   Defense                  Defense                  Time % Phy DF OF 
 1 Zach Redmond             Taylor Fedun             60     1   2  2  
 2 Scooter Vaughan          Mark Alt                 40     1   2  2  

Last Minutes Offensive
   Center                   Left Wing                Right Wing               Defense                  Defense                  
   Riley Barber             Nick Paul                Jordan Nolan             Zach Redmond             Taylor Fedun             

Last Minutes Defensive
   Center                   Left Wing                Right Wing               Defense                  Defense                  
   Riley Barber             Nick Paul                Jordan Nolan             Zach Redmond             Taylor Fedun             

Goaltenders
Starting : Justin Peters            
Backup : Parker Milner            

Extra Forwards
Normal : Zach Sanford, Steven Fogarty, Joe Whitney - PP : Zach Sanford, Steven Fogarty - PK : Joe Whitney
Extra Defensemen
Normal : Dylan Blujus, Andreas Englund, Mattias Backman - PP : Dylan Blujus - PK : Andreas Englund, Mattias Backman
Penalty Shots
Riley Barber, Nick Paul, Jordan Nolan, Scooter Vaughan, Patrice Cormier

Scratches
Garrett Noonan (Healthy), Ethan Werek (Healthy), Christoph Bertschy (Healthy), Marco Roy (Healthy), Kyle Burroughs (Healthy)
Alexandre Ranger (Healthy), Ben Marshall (Healthy), Jeremy Smith (Healthy)

% Time on Ice - Quebec Rempart

Lines # - Real PCT - Wanted PCT - Time Play
Normal Forward
1 - 31% - 40% - 15:37
2 - 35% - 30% - 17:39
3 - 22% - 20% - 11:24
4 - 12% - 10% - 6:09
Normal Defense
1 - 41% - 40% - 20:56
2 - 30% - 30% - 15:16
3 - 22% - 20% - 11:00
4 - 7% - 10% - 3:37
PP Forward
1 - 67% - 60% - 4:07
2 - 33% - 40% - 2:02
PP Defense
1 - 46% - 60% - 2:50
2 - 54% - 40% - 3:19
PK Forward
1 - 88% - 60% - 2:07
2 - 12% - 40% - 0:18
PK Defense
1 - 83% - 60% - 2:01
2 - 17% - 40% - 0:24
PK3 Forward
1 - 0% - 60%
2 - 0% - 40%
PK3 Defense
1 - 0% - 60%
2 - 0% - 40%
44 Forward
1 - 0% - 60%
2 - 0% - 40%
44 Defense
1 - 0% - 60%
2 - 0% - 40%
Last Minute Offensive  - 0:37
Last Minute Defensive  - 0:00
Total
Forward - 60:00
Defense - 60:00

% Time on Ice - Rimouski Oceanic

Lines # - Real PCT - Wanted PCT - Time Play
Normal Forward
1 - 33% - 40% - 16:51
2 - 36% - 30% - 18:16
3 - 23% - 20% - 11:48
4 - 8% - 10% - 3:51
Normal Defense
1 - 41% - 40% - 20:34
2 - 30% - 30% - 15:11
3 - 18% - 20% - 9:21
4 - 11% - 10% - 5:40
PP Forward
1 - 63% - 60% - 1:31
2 - 37% - 40% - 0:54
PP Defense
1 - 74% - 60% - 1:48
2 - 26% - 40% - 0:37
PK Forward
1 - 70% - 60% - 4:18
2 - 30% - 40% - 1:51
PK Defense
1 - 54% - 60% - 3:18
2 - 46% - 40% - 2:51
PK3 Forward
1 - 0% - 60%
2 - 0% - 40%
PK3 Defense
1 - 0% - 60%
2 - 0% - 40%
44 Forward
1 - 0% - 60%
2 - 0% - 40%
44 Defense
1 - 0% - 60%
2 - 0% - 40%
Last Minute Offensive  - 0:00
Last Minute Defensive  - 0:40
Total
Forward - 60:00
Defense - 60:00

Play by Play

1st period


0:01 of 1st period - Riley Barber wins face-off versus Lauri Korpikoski in neutral zone.
0:10 of 1st period - Snap shot by Mark Jankowski.
0:10 of 1st period - Stopped by Justin Peters without a rebound.
0:11 of 1st period - Bobby Farnham wins face-off versus Jujhar Khaira in Rimouski Oceanic zone.
0:13 of 1st period - Minor Penalty to Patrice Cormier for Hooking.
0:14 of 1st period - Riley Barber wins face-off versus Lauri Korpikoski in Rimouski Oceanic zone.
2:13 of 1st period - Penalty to Patrice Cormier is over, Patrice Cormier is back on ice.
2:38 of 1st period - Snap shot by Michael Joly.
2:38 of 1st period - Shot Misses the Net.
2:40 of 1st period - Slapshot by Nick Moutrey.
2:40 of 1st period - Stopped by Justin Peters with a rebound.
2:50 of 1st period - Brendan Lemieux is hit by Taylor Fedun and loses puck.
3:11 of 1st period - Zach Sanford is hit by Nick Moutrey and loses puck.
3:26 of 1st period - Dylan Blujus is hit by Milan Michalek and loses puck.
3:39 of 1st period - Backhand shot by Riley Barber.
3:39 of 1st period - Shot Misses the Net.
3:55 of 1st period - Scooter Vaughan is hit by Darren Dietz and loses puck.
4:20 of 1st period - Shane Harper is hit by Brendan Lemieux and loses puck.
4:54 of 1st period - Mark Alt is hit by Lauri Korpikoski and loses puck.
7:29 of 1st period - Dylan Blujus is hit by Denis Malgin and loses puck.
7:42 of 1st period - Joe Whitney is hit by Jujhar Khaira and loses puck.
8:07 of 1st period - Loic Leduc is hit by Nick Moutrey and loses puck.
8:24 of 1st period - Steven Fogarty is hit by Mark Jankowski.
8:48 of 1st period - Wrist shot by Denis Malgin.
8:48 of 1st period - Deflect By Ryan Kujawinski.
8:48 of 1st period - Shot Misses the Net.
8:48 of 1st period - Puck is out of play.
8:49 of 1st period - Patrice Cormier wins face-off versus Colton Hargrove in Rimouski Oceanic zone.
9:04 of 1st period - Slapshot by Michael Joly.
9:04 of 1st period - Deflect By Denis Malgin.
9:04 of 1st period - Stopped by Justin Peters with a rebound.
9:06 of 1st period - Slapshot by Nick Ebert.
9:06 of 1st period - Stopped by Justin Peters with a rebound.
9:08 of 1st period - Snap shot by Denis Malgin.
9:08 of 1st period - Shot Blocked by Mark Alt.
9:10 of 1st period - Slapshot by Darren Dietz.
9:10 of 1st period - Deflect By Riley Barber.
9:10 of 1st period - Stopped by Justin Peters without a rebound.
9:11 of 1st period - Lauri Korpikoski wins face-off versus Steven Fogarty in Rimouski Oceanic zone.
9:22 of 1st period - Wrist shot by Mikkel Aagaard.
9:22 of 1st period - Shot Misses the Net.
9:24 of 1st period - Slapshot by Zach Redmond.
9:24 of 1st period - Shot Blocked by Andrew Bodnarchuk.
9:26 of 1st period - Snap shot by Mikkel Aagaard.
9:26 of 1st period - Stopped by Michael Leighton with a rebound.
9:36 of 1st period - Shane Harper is hit by Colton Hargrove and loses puck.
9:43 of 1st period - Wrist shot by Jujhar Khaira.
9:43 of 1st period - Shot Misses the Net.
9:45 of 1st period - Wrist shot by Ryan Kujawinski.
9:45 of 1st period - Stopped by Justin Peters with a rebound.
9:47 of 1st period - Snap shot by Ryan Kujawinski.
9:47 of 1st period - Stopped by Justin Peters with a rebound.
9:49 of 1st period - Snap shot by Jujhar Khaira.
9:49 of 1st period - Deflect By Ryan Kujawinski.
9:49 of 1st period - Shot Misses the Net.
9:49 of 1st period - Puck is out of play.
9:50 of 1st period - Lauri Korpikoski wins face-off versus Riley Barber in Rimouski Oceanic zone.
9:53 of 1st period - Wrist shot by Mark Jankowski.
9:53 of 1st period - Shot Misses the Net.
10:03 of 1st period - Slapshot by Jordan Nolan.
10:03 of 1st period - Shot Misses the Net.
10:05 of 1st period - Snap shot by Riley Barber.
10:05 of 1st period - Shot Misses the Net.
10:15 of 1st period - Patrice Cormier is hit by Jujhar Khaira and loses puck.
10:40 of 1st period - Snap shot by Michael Joly.
10:40 of 1st period - Stopped by Justin Peters without a rebound.
10:41 of 1st period - Steven Fogarty wins face-off versus Denis Malgin in Rimouski Oceanic zone.
10:41 of 1st period - Steven Fogarty is hit by Michael Joly.
10:49 of 1st period - Snap shot by Mikkel Aagaard.
10:49 of 1st period - Stopped by Michael Leighton with a rebound.
10:57 of 1st period - Wrist shot by Zach Sanford.
10:57 of 1st period - Deflect By Steven Fogarty.
10:57 of 1st period - Shot Misses the Net.
10:57 of 1st period - Puck is out of play.
10:58 of 1st period - Riley Barber wins face-off versus Lauri Korpikoski in Quebec Rempart zone.
10:59 of 1st period - Snap shot by Jordan Nolan.
10:59 of 1st period - Stopped by Michael Leighton with a rebound.
11:01 of 1st period - Snap shot by Jordan Nolan.
11:01 of 1st period - Shot Blocked by Mark Jankowski.
11:02 of 1st period - Riley Barber beats up Lauri Korpikoski.
11:02 of 1st period - Penalty to Riley Barber for Fighting.
11:02 of 1st period - Penalty to Lauri Korpikoski for Fighting.
11:03 of 1st period - Joseph LaBate wins face-off versus Nick Paul in Quebec Rempart zone.
11:16 of 1st period - Wrist shot by Nick Paul.
11:16 of 1st period - Stopped by Michael Leighton without a rebound.
11:17 of 1st period - Zach Sanford wins face-off versus Joseph LaBate in Quebec Rempart zone.
11:24 of 1st period - Snap shot by Nick Paul.
11:24 of 1st period - Stopped by Michael Leighton with a rebound.
11:26 of 1st period - Snap shot by Nick Paul.
11:26 of 1st period - Stopped by Michael Leighton with a rebound.
11:49 of 1st period - Patrice Cormier is hit by Mark Jankowski.
12:05 of 1st period - Jordan Nolan is hit by Joseph LaBate.
12:17 of 1st period - Snap shot by Nick Paul.
12:17 of 1st period - Stopped by Michael Leighton without a rebound.
12:18 of 1st period - Jujhar Khaira wins face-off versus Steven Fogarty in Quebec Rempart zone.
12:52 of 1st period - Slapshot by Colton Hargrove.
12:52 of 1st period - Shot Misses the Net.
12:54 of 1st period - Wrist shot by Jujhar Khaira.
12:54 of 1st period - Quebec Rempart goal is going for a video replay.
12:54 of 1st period - The goal is refused. The goalkeeper has been pushed into the net together with the puck after making a save..
12:55 of 1st period - Zach Sanford wins face-off versus Denis Malgin in Rimouski Oceanic zone.
13:04 of 1st period - Wrist shot by Denis Malgin.
13:04 of 1st period - Deflect By Nick Moutrey.
13:04 of 1st period - Stopped by Justin Peters without a rebound.
13:05 of 1st period - Jordan Nolan wins face-off versus Denis Malgin in Rimouski Oceanic zone.
13:15 of 1st period - Off-side.
13:16 of 1st period - Zach Sanford wins face-off versus Joseph LaBate in neutral zone.
13:23 of 1st period - Snap shot by Zach Sanford.
13:23 of 1st period - Stopped by Michael Leighton with a rebound.
13:45 of 1st period - Snap shot by Bobby Farnham.
13:45 of 1st period - Shot Blocked by Ryan Kujawinski.
13:47 of 1st period - Slapshot by Andreas Englund.
13:47 of 1st period - Deflect By Jujhar Khaira.
13:47 of 1st period - Stopped by Michael Leighton with a rebound.
13:49 of 1st period - Wrist shot by Shane Harper.
13:49 of 1st period - Shot Misses the Net.
13:51 of 1st period - Wrist shot by Shane Harper.
13:51 of 1st period - Shot Misses the Net.
14:52 of 1st period - Wrist shot by Jujhar Khaira.
14:52 of 1st period - Stopped by Justin Peters with a rebound.
15:01 of 1st period - Icing by Nick Ebert.
15:02 of 1st period - Patrice Cormier wins face-off versus Jujhar Khaira in Quebec Rempart zone.
15:03 of 1st period - Wrist shot by Shane Harper.
15:03 of 1st period - Stopped by Michael Leighton without a rebound.
15:04 of 1st period - Joseph LaBate wins face-off versus Patrice Cormier in Quebec Rempart zone.
15:06 of 1st period - Minor Penalty to Joseph LaBate for Holding.
15:07 of 1st period - Dan DeSalvo wins face-off versus Zach Sanford in Quebec Rempart zone.
15:14 of 1st period - Snap shot by Nick Paul.
15:14 of 1st period - Shot Misses the Net.
15:16 of 1st period - Slapshot by Jordan Nolan.
15:16 of 1st period - Goal by Jordan Nolan - Quebec Rempart : 0 - Rimouski Oceanic : 1.
15:17 of 1st period - Nick Paul wins face-off versus Joseph LaBate in neutral zone.
15:26 of 1st period - Snap shot by Milan Michalek.
15:26 of 1st period - Stopped by Justin Peters with a rebound.
15:51 of 1st period - Backhand shot by Ryan Kujawinski.
15:51 of 1st period - Shot Misses the Net.
16:07 of 1st period - Slapshot by Michael Joly.
16:07 of 1st period - Shot Misses the Net.
16:09 of 1st period - Snap shot by Michael Joly.
16:09 of 1st period - Shot Misses the Net.
16:47 of 1st period - Zach Redmond is hit by Jujhar Khaira and loses puck.
16:51 of 1st period - Icing by Shane Harper.
16:52 of 1st period - Bobby Farnham wins face-off versus Lauri Korpikoski in Rimouski Oceanic zone.
17:08 of 1st period - Icing by Shane Harper.
17:09 of 1st period - Patrice Cormier wins face-off versus Jujhar Khaira in Rimouski Oceanic zone.
17:11 of 1st period - Icing by Shane Harper.
17:12 of 1st period - Patrice Cormier wins face-off versus Jujhar Khaira in Rimouski Oceanic zone.
17:36 of 1st period - Off-side.
17:37 of 1st period - Jordan Nolan wins face-off versus Lauri Korpikoski in neutral zone.
17:44 of 1st period - Snap shot by Jordan Nolan.
17:44 of 1st period - Stopped by Michael Leighton with a rebound.
17:46 of 1st period - Snap shot by Jordan Nolan.
17:46 of 1st period - Stopped by Michael Leighton with a rebound.
17:48 of 1st period - Wrist shot by Nick Paul.
17:48 of 1st period - Shot Misses the Net.
17:50 of 1st period - Slapshot by Dylan Blujus.
17:50 of 1st period - Deflect By Lauri Korpikoski.
17:50 of 1st period - Stopped by Michael Leighton with a rebound.
17:52 of 1st period - Wrist shot by Riley Barber.
17:52 of 1st period - Shot Misses the Net.
18:02 of 1st period - Mark Jankowski is hit by Zach Sanford and loses puck.
18:28 of 1st period - Mark Jankowski is hit by Dylan Blujus and loses puck.
18:39 of 1st period - Snap shot by Jordan Nolan.
18:39 of 1st period - Shot Misses the Net.
19:26 of 1st period - Mikkel Aagaard is hit by Joseph LaBate and loses puck.
19:31 of 1st period - Slapshot by Dan DeSalvo.
19:31 of 1st period - Stopped by Justin Peters with a rebound.
19:33 of 1st period - Wrist shot by Dan DeSalvo.
19:33 of 1st period - Shot Blocked by Mark Alt.
19:35 of 1st period - Snap shot by Andrew Bodnarchuk.
19:35 of 1st period - Shot Misses the Net.
Goals for this period are 0 for Quebec Rempart vs 1 for Rimouski Oceanic.
Shots for this period are 13 for Quebec Rempart vs 14 for Rimouski Oceanic.

2nd period


0:01 of 2nd period - Riley Barber wins face-off versus Lauri Korpikoski in neutral zone.
0:30 of 2nd period - Snap shot by Yohann Auvitu.
0:30 of 2nd period - Shot Blocked by Zach Redmond.
2:29 of 2nd period - Slapshot by Denis Malgin.
2:29 of 2nd period - Shot Blocked by Zach Sanford.
3:53 of 2nd period - Snap shot by Lauri Korpikoski.
3:53 of 2nd period - Deflect By Dan DeSalvo.
3:53 of 2nd period - Shot Blocked by Jordan Nolan.
3:53 of 2nd period - Puck is out of play.
3:54 of 2nd period - Dan DeSalvo wins face-off versus Patrice Cormier in Rimouski Oceanic zone.
4:01 of 2nd period - Snap shot by Lauri Korpikoski.
4:01 of 2nd period - Stopped by Justin Peters with a rebound.
4:03 of 2nd period - Slapshot by Dan DeSalvo.
4:03 of 2nd period - Deflect By Lauri Korpikoski.
4:03 of 2nd period - Stopped by Justin Peters with a rebound.
4:05 of 2nd period - Wrist shot by Brendan Lemieux.
4:05 of 2nd period - Shot Misses the Net.
4:37 of 2nd period - Slapshot by Yohann Auvitu.
4:37 of 2nd period - Shot Misses the Net.
4:39 of 2nd period - Snap shot by Michael Joly.
4:39 of 2nd period - Goal by Michael Joly - Quebec Rempart : 1 - Rimouski Oceanic : 1.
4:40 of 2nd period - Lauri Korpikoski wins face-off versus Riley Barber in neutral zone.
4:45 of 2nd period - Wrist shot by Milan Michalek.
4:45 of 2nd period - Stopped by Justin Peters with a rebound.
5:48 of 2nd period - Zach Redmond is hit by Milan Michalek and loses puck.
6:11 of 2nd period - Snap shot by Riley Barber.
6:11 of 2nd period - Goal by Riley Barber - Quebec Rempart : 1 - Rimouski Oceanic : 2.
6:12 of 2nd period - Riley Barber wins face-off versus Lauri Korpikoski in neutral zone.
6:15 of 2nd period - Wrist shot by Nick Paul.
6:15 of 2nd period - Stopped by Michael Leighton without a rebound.
6:16 of 2nd period - Riley Barber wins face-off versus Mark Jankowski in Quebec Rempart zone.
6:37 of 2nd period - Minor Penalty to Kevin Czuczman for Hooking.
6:38 of 2nd period - Riley Barber wins face-off versus Lauri Korpikoski in Quebec Rempart zone.
6:43 of 2nd period - Wrist shot by Nick Paul.
6:43 of 2nd period - Shot Blocked by Nick Seeler.
7:10 of 2nd period - Off-side.
7:11 of 2nd period - Riley Barber wins face-off versus Lauri Korpikoski in neutral zone.
7:16 of 2nd period - Slapshot by Nick Paul.
7:16 of 2nd period - Deflect By Riley Barber.
7:16 of 2nd period - Shot Misses the Net.
7:16 of 2nd period - Puck is out of play.
7:17 of 2nd period - Lauri Korpikoski wins face-off versus Riley Barber in Quebec Rempart zone.
7:56 of 2nd period - Snap shot by Jordan Nolan.
7:56 of 2nd period - Shot Blocked by Yohann Auvitu.
8:12 of 2nd period - Jujhar Khaira is hit by Bobby Farnham and loses puck.
8:37 of 2nd period - Penalty to Kevin Czuczman is over, Kevin Czuczman is back on ice.
9:20 of 2nd period - Icing by Andrew Bodnarchuk.
9:21 of 2nd period - Jujhar Khaira wins face-off versus Riley Barber in Quebec Rempart zone.
10:38 of 2nd period - Jordan Nolan is hit by Milan Michalek and loses puck.
10:53 of 2nd period - Wrist shot by Bobby Farnham.
10:53 of 2nd period - Shot Misses the Net.
10:55 of 2nd period - Snap shot by Patrice Cormier.
10:55 of 2nd period - Shot Misses the Net.
10:57 of 2nd period - Slapshot by Loic Leduc.
10:57 of 2nd period - Stopped by Michael Leighton without a rebound.
10:58 of 2nd period - Steven Fogarty wins face-off versus Dan DeSalvo in Quebec Rempart zone.
11:05 of 2nd period - Wrist shot by Zach Sanford.
11:05 of 2nd period - Stopped by Michael Leighton with a rebound.
11:07 of 2nd period - Snap shot by Zach Sanford.
11:07 of 2nd period - Stopped by Michael Leighton with a rebound.
11:09 of 2nd period - Slapshot by Taylor Fedun.
11:09 of 2nd period - Stopped by Michael Leighton with a rebound.
11:11 of 2nd period - Slapshot by Steven Fogarty.
11:11 of 2nd period - Shot Blocked by Brendan Lemieux.
11:13 of 2nd period - Wrist shot by Zach Sanford.
11:13 of 2nd period - Deflect By Mikkel Aagaard.
11:13 of 2nd period - Shot Blocked by Andrew Bodnarchuk.
11:13 of 2nd period - Puck is out of play.
11:14 of 2nd period - Jujhar Khaira wins face-off versus Riley Barber in Quebec Rempart zone.
11:14 of 2nd period - Jujhar Khaira is hit by Riley Barber.
11:20 of 2nd period - Snap shot by Riley Barber.
11:20 of 2nd period - Stopped by Michael Leighton without a rebound.
11:21 of 2nd period - Riley Barber wins face-off versus Jujhar Khaira in Quebec Rempart zone.
11:55 of 2nd period - Shane Harper is hit by Kevin Czuczman and loses puck.
12:12 of 2nd period - Mark Alt is hit by Yohann Auvitu and loses puck.
12:38 of 2nd period - Wrist shot by Nick Paul.
12:38 of 2nd period - Stopped by Michael Leighton with a rebound.
12:56 of 2nd period - Off-side.
12:57 of 2nd period - Riley Barber wins face-off versus Denis Malgin in neutral zone.
13:43 of 2nd period - Wrist shot by Zach Sanford.
13:43 of 2nd period - Shot Misses the Net.
13:45 of 2nd period - Slapshot by Zach Sanford.
13:45 of 2nd period - Stopped by Michael Leighton with a rebound.
13:47 of 2nd period - Slapshot by Scooter Vaughan.
13:47 of 2nd period - Stopped by Michael Leighton with a rebound.
13:49 of 2nd period - Snap shot by Steven Fogarty.
13:49 of 2nd period - Deflect By Zach Sanford.
13:49 of 2nd period - Stopped by Michael Leighton with a rebound.
14:19 of 2nd period - Snap shot by Dan DeSalvo.
14:19 of 2nd period - Deflect By Lauri Korpikoski.
14:19 of 2nd period - Shot Blocked by Bobby Farnham.
14:19 of 2nd period - Puck is out of play.
14:20 of 2nd period - Patrice Cormier wins face-off versus Dan DeSalvo in Rimouski Oceanic zone.
14:51 of 2nd period - Wrist shot by Jujhar Khaira.
14:51 of 2nd period - Shot Misses the Net.
14:53 of 2nd period - Wrist shot by Nick Ebert.
14:53 of 2nd period - Deflect By Colton Hargrove.
14:53 of 2nd period - Shot Misses the Net.
14:53 of 2nd period - Puck is out of play.
14:54 of 2nd period - Riley Barber wins face-off versus Lauri Korpikoski in Rimouski Oceanic zone.
15:17 of 2nd period - Wrist shot by Jujhar Khaira.
15:17 of 2nd period - Deflect By Colton Hargrove.
15:17 of 2nd period - Stopped by Justin Peters with a rebound.
15:19 of 2nd period - Snap shot by Jujhar Khaira.
15:19 of 2nd period - Goal by Jujhar Khaira - Quebec Rempart : 2 - Rimouski Oceanic : 2.
15:20 of 2nd period - Riley Barber wins face-off versus Lauri Korpikoski in neutral zone.
15:45 of 2nd period - Zach Redmond is hit by Colton Hargrove.
15:53 of 2nd period - Wrist shot by Colton Hargrove.
15:53 of 2nd period - Stopped by Justin Peters with a rebound.
15:55 of 2nd period - Snap shot by Kevin Czuczman.
15:55 of 2nd period - Stopped by Justin Peters without a rebound.
15:56 of 2nd period - Denis Malgin wins face-off versus Riley Barber in Rimouski Oceanic zone.
16:05 of 2nd period - Nick Paul is hit by Nick Ebert and loses puck.
16:30 of 2nd period - Slapshot by Taylor Fedun.
16:30 of 2nd period - Shot Misses the Net.
16:32 of 2nd period - Slapshot by Taylor Fedun.
16:32 of 2nd period - Deflect By Steven Fogarty.
16:32 of 2nd period - Goal by Steven Fogarty - Quebec Rempart : 2 - Rimouski Oceanic : 3.
16:33 of 2nd period - Lauri Korpikoski wins face-off versus Nick Paul in neutral zone.
16:42 of 2nd period - Snap shot by Lauri Korpikoski.
16:42 of 2nd period - Shot Misses the Net.
16:50 of 2nd period - Milan Michalek is hit by Nick Paul and loses puck.
17:03 of 2nd period - Bobby Farnham is hit by Jujhar Khaira and loses puck.
17:20 of 2nd period - Minor Penalty to Bobby Farnham for Hooking.
17:21 of 2nd period - Riley Barber wins face-off versus Mark Jankowski in Rimouski Oceanic zone.
17:21 of 2nd period - Riley Barber is hit by Mark Jankowski.
17:35 of 2nd period - Milan Michalek is hit by Riley Barber and loses puck.
18:32 of 2nd period - Scooter Vaughan is hit by Colton Hargrove and loses puck.
18:49 of 2nd period - Mark Jankowski is hit by Patrice Cormier and loses puck.
19:20 of 2nd period - Penalty to Bobby Farnham is over, Bobby Farnham is back on ice.
19:26 of 2nd period - Nick Moutrey is hit by Bobby Farnham and loses puck.
Goals for this period are 2 for Quebec Rempart vs 2 for Rimouski Oceanic.
Shots for this period are 8 for Quebec Rempart vs 12 for Rimouski Oceanic.

3rd period


0:01 of 3rd period - Lauri Korpikoski wins face-off versus Nick Paul in neutral zone.
0:08 of 3rd period - Slapshot by Nick Ebert.
0:08 of 3rd period - Shot Blocked by Mark Alt.
0:47 of 3rd period - Steven Fogarty is hit by Denis Malgin and loses puck.
1:18 of 3rd period - Minor Penalty to Mikkel Aagaard for Tripping.
1:19 of 3rd period - Lauri Korpikoski wins face-off versus Riley Barber in Rimouski Oceanic zone.
1:28 of 3rd period - Snap shot by Milan Michalek.
1:28 of 3rd period - Shot Misses the Net.
1:30 of 3rd period - Backhand shot by Kevin Czuczman.
1:30 of 3rd period - Deflect By Riley Barber.
1:30 of 3rd period - Goal by Kevin Czuczman - Quebec Rempart : 3 - Rimouski Oceanic : 3.
1:31 of 3rd period - Riley Barber wins face-off versus Lauri Korpikoski in neutral zone.
1:40 of 3rd period - Scooter Vaughan is hit by Lauri Korpikoski and loses puck.
1:57 of 3rd period - Slapshot by Denis Malgin.
1:57 of 3rd period - Stopped by Justin Peters with a rebound.
1:59 of 3rd period - Snap shot by Denis Malgin.
1:59 of 3rd period - Shot Misses the Net.
2:01 of 3rd period - Wrist shot by Michael Joly.
2:01 of 3rd period - Stopped by Justin Peters with a rebound.
2:03 of 3rd period - Wrist shot by Michael Joly.
2:03 of 3rd period - Shot Misses the Net.
2:05 of 3rd period - Slapshot by Nick Moutrey.
2:05 of 3rd period - Stopped by Justin Peters without a rebound.
2:06 of 3rd period - Patrice Cormier wins face-off versus Lauri Korpikoski in Rimouski Oceanic zone.
2:13 of 3rd period - Slapshot by Shane Harper.
2:13 of 3rd period - Goal by Shane Harper - Quebec Rempart : 3 - Rimouski Oceanic : 4.
2:14 of 3rd period - Lauri Korpikoski wins face-off versus Riley Barber in neutral zone.
2:17 of 3rd period - Slapshot by Mark Jankowski.
2:17 of 3rd period - Shot Blocked by Taylor Fedun.
2:31 of 3rd period - Mark Jankowski is hit by Taylor Fedun and loses puck.
2:46 of 3rd period - Snap shot by Nick Moutrey.
2:46 of 3rd period - Stopped by Justin Peters with a rebound.
2:48 of 3rd period - Slapshot by Nick Moutrey.
2:48 of 3rd period - Stopped by Justin Peters with a rebound.
2:50 of 3rd period - Slapshot by Kevin Czuczman.
2:50 of 3rd period - Shot Blocked by Taylor Fedun.
2:52 of 3rd period - Snap shot by Denis Malgin.
2:52 of 3rd period - Stopped by Justin Peters with a rebound.
3:10 of 3rd period - Wrist shot by Shane Harper.
3:10 of 3rd period - Stopped by Michael Leighton with a rebound.
4:09 of 3rd period - Colton Hargrove is hit by Shane Harper and loses puck.
4:14 of 3rd period - Snap shot by Shane Harper.
4:14 of 3rd period - Stopped by Michael Leighton with a rebound.
4:16 of 3rd period - Snap shot by Shane Harper.
4:16 of 3rd period - Deflect By Bobby Farnham.
4:16 of 3rd period - Shot Blocked by Nick Ebert.
4:16 of 3rd period - Puck is out of play.
4:17 of 3rd period - Denis Malgin wins face-off versus Steven Fogarty in Quebec Rempart zone.
4:30 of 3rd period - Wrist shot by Mikkel Aagaard.
4:30 of 3rd period - Stopped by Michael Leighton with a rebound.
4:32 of 3rd period - Backhand shot by Mikkel Aagaard.
4:32 of 3rd period - Shot Misses the Net.
4:51 of 3rd period - Snap shot by Riley Barber.
4:51 of 3rd period - Goal by Riley Barber - Quebec Rempart : 3 - Rimouski Oceanic : 5.
4:52 of 3rd period - Riley Barber wins face-off versus Lauri Korpikoski in neutral zone.
5:27 of 3rd period - Snap shot by Mikkel Aagaard.
5:27 of 3rd period - Shot Blocked by Yohann Auvitu.
5:29 of 3rd period - Wrist shot by Mikkel Aagaard.
5:29 of 3rd period - Stopped by Michael Leighton with a rebound.
6:05 of 3rd period - Snap shot by Dan DeSalvo.
6:05 of 3rd period - Stopped by Justin Peters with a rebound.
6:07 of 3rd period - Snap shot by Lauri Korpikoski.
6:07 of 3rd period - Stopped by Justin Peters without a rebound.
6:08 of 3rd period - Lauri Korpikoski wins face-off versus Steven Fogarty in Rimouski Oceanic zone.
6:09 of 3rd period - Slapshot by Milan Michalek.
6:09 of 3rd period - Stopped by Justin Peters with a rebound.
6:33 of 3rd period - Nick Ebert is hit by Nick Paul and loses puck.
6:43 of 3rd period - Icing by Darren Dietz.
6:44 of 3rd period - Patrice Cormier wins face-off versus Jujhar Khaira in Quebec Rempart zone.
6:47 of 3rd period - Snap shot by Shane Harper.
6:47 of 3rd period - Shot Blocked by Darren Dietz.
6:57 of 3rd period - Snap shot by Shane Harper.
6:57 of 3rd period - Shot Misses the Net.
6:59 of 3rd period - Slapshot by Dylan Blujus.
6:59 of 3rd period - Stopped by Michael Leighton with a rebound.
7:19 of 3rd period - Wrist shot by Jordan Nolan.
7:19 of 3rd period - Stopped by Michael Leighton with a rebound.
7:21 of 3rd period - Minor Penalty to Nick Ebert for Roughing.
7:22 of 3rd period - Riley Barber wins face-off versus Lauri Korpikoski in Quebec Rempart zone.
7:25 of 3rd period - Wrist shot by Jordan Nolan.
7:25 of 3rd period - Stopped by Michael Leighton with a rebound.
7:27 of 3rd period - Slapshot by Zach Redmond.
7:27 of 3rd period - Shot Blocked by Mark Jankowski.
7:29 of 3rd period - Snap shot by Nick Paul.
7:29 of 3rd period - Shot Blocked by Lauri Korpikoski.
7:35 of 3rd period - Wrist shot by Riley Barber.
7:35 of 3rd period - Shot Misses the Net.
7:37 of 3rd period - Snap shot by Nick Paul.
7:37 of 3rd period - Goal by Nick Paul - Quebec Rempart : 3 - Rimouski Oceanic : 6.
7:38 of 3rd period - Lauri Korpikoski wins face-off versus Riley Barber in neutral zone.
8:04 of 3rd period - Patrice Cormier is hit by Ryan Kujawinski and loses puck.
8:13 of 3rd period - Slapshot by Ryan Kujawinski.
8:13 of 3rd period - Goal by Ryan Kujawinski - Quebec Rempart : 4 - Rimouski Oceanic : 6.
8:14 of 3rd period - Riley Barber wins face-off versus Lauri Korpikoski in neutral zone.
8:29 of 3rd period - Milan Michalek beats up Scooter Vaughan.
8:29 of 3rd period - Penalty to Scooter Vaughan for Fighting.
8:29 of 3rd period - Penalty to Milan Michalek for Fighting.
8:30 of 3rd period - Riley Barber wins face-off versus Lauri Korpikoski in Quebec Rempart zone.
8:33 of 3rd period - Snap shot by Riley Barber.
8:33 of 3rd period - Stopped by Michael Leighton with a rebound.
11:21 of 3rd period - Slapshot by Zach Redmond.
11:21 of 3rd period - Shot Blocked by Yohann Auvitu.
11:23 of 3rd period - Wrist shot by Mikkel Aagaard.
11:23 of 3rd period - Shot Misses the Net.
11:39 of 3rd period - Icing by Yohann Auvitu.
11:40 of 3rd period - Patrice Cormier wins face-off versus Jujhar Khaira in Quebec Rempart zone.
11:41 of 3rd period - Snap shot by Shane Harper.
11:41 of 3rd period - Stopped by Michael Leighton with a rebound.
12:15 of 3rd period - Snap shot by Jujhar Khaira.
12:15 of 3rd period - Stopped by Justin Peters with a rebound.
12:17 of 3rd period - Slapshot by Kevin Czuczman.
12:17 of 3rd period - Goal by Kevin Czuczman - Quebec Rempart : 5 - Rimouski Oceanic : 6.
12:18 of 3rd period - Lauri Korpikoski wins face-off versus Jordan Nolan in neutral zone.
12:24 of 3rd period - Minor Penalty to Jordan Nolan for Slashing.
12:25 of 3rd period - Lauri Korpikoski wins face-off versus Riley Barber in Rimouski Oceanic zone.
12:31 of 3rd period - Snap shot by Mark Jankowski.
12:31 of 3rd period - Stopped by Justin Peters with a rebound.
12:33 of 3rd period - Slapshot by Yohann Auvitu.
12:33 of 3rd period - Shot Blocked by Taylor Fedun.
12:35 of 3rd period - Snap shot by Mark Jankowski.
12:35 of 3rd period - Deflect By Lauri Korpikoski.
12:35 of 3rd period - Shot Misses the Net.
12:35 of 3rd period - Puck is out of play.
12:36 of 3rd period - Riley Barber wins face-off versus Lauri Korpikoski in Rimouski Oceanic zone.
13:29 of 3rd period - Penalty to Scooter Vaughan is over, Scooter Vaughan is back on ice.
14:24 of 3rd period - Penalty to Jordan Nolan is over, Jordan Nolan is back on ice.
14:25 of 3rd period - Snap shot by Lauri Korpikoski.
14:25 of 3rd period - Stopped by Justin Peters with a rebound.
14:27 of 3rd period - Slapshot by Nick Ebert.
14:27 of 3rd period - Shot Blocked by Jordan Nolan.
14:29 of 3rd period - Snap shot by Denis Malgin.
14:29 of 3rd period - Deflect By Patrice Cormier.
14:29 of 3rd period - Shot Misses the Net.
14:29 of 3rd period - Puck is out of play.
14:30 of 3rd period - Mikkel Aagaard wins face-off versus Jujhar Khaira in Rimouski Oceanic zone.
14:45 of 3rd period - Slapshot by Zach Sanford.
14:45 of 3rd period - Shot Misses the Net.
17:44 of 3rd period - Icing by Mattias Backman.
17:45 of 3rd period - Nick Paul wins face-off versus Mark Jankowski in Rimouski Oceanic zone.
18:51 of 3rd period - Nick Paul is hit by Darren Dietz and loses puck.
18:56 of 3rd period - Snap shot by Denis Malgin.
18:56 of 3rd period - Stopped by Justin Peters with a rebound.
18:58 of 3rd period - Wrist shot by Dan DeSalvo.
18:58 of 3rd period - Deflect By Jordan Nolan.
18:58 of 3rd period - Shot Blocked by Dylan Blujus.
18:58 of 3rd period - Puck is out of play.
18:59 of 3rd period - Dave Hakstol call a timeout for Quebec Rempart.
18:59 of 3rd period - Joseph LaBate wins face-off versus Riley Barber in Rimouski Oceanic zone.
19:00 of 3rd period - Quebec Rempart, Michael Leighton is pulled from the net.
19:24 of 3rd period - Wrist shot by Riley Barber.
19:24 of 3rd period - Goal by Riley Barber - Quebec Rempart : 5 - Rimouski Oceanic : 7.
19:24 of 3rd period - Michael Leighton from Quebec Rempart was sent back in the game.
19:25 of 3rd period - Steven Fogarty wins face-off versus Denis Malgin in neutral zone.
19:28 of 3rd period - Snap shot by Taylor Fedun.
19:28 of 3rd period - Stopped by Michael Leighton with a rebound.
19:51 of 3rd period - Nick Ebert is hit by Zach Redmond and loses puck.
19:58 of 3rd period - Snap shot by Riley Barber.
19:58 of 3rd period - Goal by Riley Barber - Quebec Rempart : 5 - Rimouski Oceanic : 8.
19:59 of 3rd period - Lauri Korpikoski wins face-off versus Riley Barber in neutral zone.
Goals for this period are 3 for Quebec Rempart vs 5 for Rimouski Oceanic.
Shots for this period are 16 for Quebec Rempart vs 15 for Rimouski Oceanic.